 Dungeon Crawl Stone Soup version 0.23-b1-67-g8bd44de (webtiles) character file.

Game seed: 2478997787119771204

175 Folque the Magician (level 5, 0/34 HPs)
             Began as an Octopode Wizard on Feb 5, 2019.
             Was an Initiate of Sif Muna.
             Shot with a stone by a goblin (3 damage)
             ... led by Robin
             ... on level 4 of the Dungeon.
             The game lasted 00:07:33 (3050 turns).

Folque the Magician (Octopode Wizard)               Turns: 3050, Time: 00:07:33

Health: 0/34       AC:  1    Str:  6    XL:     5   Next: 55%
Magic:  5/10       EV: 13    Int: 21    God:    Sif Muna [......]
Gold:   122        SH:  0    Dex: 11    Spells: 3/11 levels left

rFire    . . .     SeeInvis .   s - +0 spear
rCold    . . .     Gourm    .   (no shield)
rNeg     . . .     Faith    .   a - +0 hat
rPois    .         Spirit   .   (no amulet)
rElec    .         Reflect  .   (no ring)
rCorr    .         Harm     .   (no ring)
MR       .....                  (no ring)
Stlth    +++.......             (no ring)
HPRegen  0.11/turn              (no ring)
MPRegen  0.12/turn              (no ring)
                                (no ring)
                                (no ring)

@: lethally poisoned (0 -> -1)
A: almost no armour, stealthy swim, amphibious, 8 rings, constrict 8, camouflage
1, gelatinous body 1
a: Renounce Religion


You were on level 4 of the Dungeon.
You worshipped Sif Muna.
Sif Muna was noncommittal.
You were not hungry.

You visited 1 branch of the dungeon, and saw 4 of its levels.

You collected 122 gold pieces.

Inventory:

Hand Weapons
 g - a +0 dagger
 s - a +0 spear (weapon)
Armour
 a - a +0 hat (worn)
Jewellery
 h - an uncursed amulet of rage {unknown}
Scrolls
 b - a scroll of magic mapping {unknown}
 f - 3 scrolls of remove curse {unknown}
 j - a scroll of identify {unknown}
 k - 2 scrolls of teleportation {unknown}
 p - 2 scrolls of amnesia {unknown}
 u - a scroll of blinking {unknown}
Potions
 d - 2 potions of curing {unknown}
 e - a potion of heal wounds {unknown}
 i - a potion of flight {unknown}
 l - a potion of haste {unknown}
 m - a potion of mutation {unknown}
 n - 2 potions of brilliance {unknown}
 o - a potion of cancellation {unknown}
 q - a potion of resistance {unknown}
 r - a potion of might {unknown}
Comestibles
 c - 11 rations
 t - 5 chunks of flesh


   Skills:
 - Level 2.0 Fighting
 * Level 2.5 Dodging
 + Level 3.1 Stealth
 + Level 3.8 Spellcasting
 - Level 2.0 Conjurations
 - Level 1.0 Summonings
 - Level 1.0 Translocations
 - Level 1.3 Air Magic
 - Level 2.0 Poison Magic


You had 3 spell levels left.
You knew the following spells:

 Your Spells              Type           Power        Failure   Level  Hunger
a - Magic Dart            Conj           ##..         5%          1    None
b - Call Imp              Summ           #.......     12%         2    #......
c - Blink                 Tloc           N/A          12%         2    #......
d - Mephitic Cloud        Conj/Pois/Air  ##......     17%         3    ###....

Your spell library contained the following spells:

 Spells                   Type           Power        Failure   Level  Hunger
 Slow                     Hex            #.......     19%         2    #......
 Conjure Flame            Conj/Fire      #.......     24%         3    ###....


Dungeon Overview and Level Annotations

Branches:
Dungeon (4/15)
 Temple: D:4-7

Altars:
Elyvilon
Sif Muna
Yredelemnul

Annotations:
D:2 1 runed translucent door, Crazy Yiuf, Sigmund


Innate Abilities, Weirdness & Mutations

You cannot wear most types of armour.
You are very stealthy in the water. (Stealth+)
You are amphibious.
You can wear up to eight rings at the same time.
You can use your tentacles to constrict eight enemies at once.
Your skin changes colour to match your surroundings (Stealth+).
Your rubbery body absorbs attacks. (AC +1, EV +1)


Message History

The goblin dies!
Sif Muna accepts your kill.
You swap places.
* * * LOW HITPOINT WARNING * * *
You feel sick.
* * * LOW HITPOINT WARNING * * *
You feel sick.
* * * LOW HITPOINT WARNING * * *
You feel sick.
A goblin comes into view. It is wielding a +0 club.
The goblin moves out of view.
A goblin comes into view. It is wielding a +0 dagger.
* * * LOW HITPOINT WARNING * * *
You feel sick.
Your white imp disappears in a puff of smoke!
A goblin comes into view. It is wielding a +0 club.
There is a stone staircase leading up here.
The goblin unwields a +0 club.
The goblin wields a +0 hunting sling.
The goblin shoots a stone.
The stone hits you.
You die...

#........ ... #.......#
..##.......####
............... # #.
#.......# #. #g #.......#
#.g##.##.......#
##...........#).#
#......@#.####..#
#..###.5..# #..# #.
#.#.## #..# #.
#.#.#####..#####
#..###.#.#......).....
####..#...)....5...######
............(.######
######.#####.#
#####.#####.#


You could see 2 goblins and a friendly crimson imp.

Vanquished Creatures
  A bullfrog skeleton (D:3)
  Natasha (D:4)
  4 adders
  2 oozes
  An adder skeleton (D:4)
  4 dart slugs
  4 leopard geckos
  An orc (D:3)
  4 bats
  5 giant cockroaches
  6 goblins
  4 hobgoblins
  A quokka (D:2)
  A ball python (D:3)
  6 frilled lizards
  2 gnoll zombies (D:2)
  A jackal skeleton (D:4)
  3 kobolds
  7 rats
58 creatures vanquished.

Vanquished Creatures (collateral kills)
  2 adders
  A worm (D:2)
  A giant cockroach (D:4)
  A goblin (D:4)
5 creatures vanquished.

Grand Total: 63 creatures vanquished

Notes
Turn   | Place    | Note
-------+----------+-------------------------------------------
     0 | D:1      | Folque the Octopode Wizard began the quest for the Orb.
     0 | D:1      | Reached XP level 1. HP: 11/11 MP: 4/4
   169 | D:1      | Reached skill level 1 in Fighting
   196 | D:1      | Reached XP level 2. HP: 12/18 MP: 1/6
   560 | D:1      | Learned a level 2 spell: Call Imp
   563 | D:1      | Learned a level 2 spell: Blink
   902 | D:2      | Found a white marble altar of Elyvilon.
   924 | D:2      | Reached XP level 3. HP: 23/24 MP: 7/7
   943 | D:2      | Learned a level 3 spell: Mephitic Cloud
  1202 | D:2      | Reached skill level 1 in Poison Magic
  1547 | D:2      | Found a runed translucent door.
  1548 | D:2      | Noticed Crazy Yiuf
  1550 | D:2      | Noticed Sigmund
  1756 | D:2      | Found a basalt altar of Yredelemnul.
  1797 | D:2      | Reached XP level 4. HP: 9/29 MP: 9/9
  2626 | D:3      | Found a deep blue altar of Sif Muna.
  2632 | D:3      | Became a worshipper of Sif Muna the Loreminder
  2817 | D:3      | Reached skill level 1 in Air Magic
  2817 | D:3      | Reached XP level 5. HP: 23/34 MP: 10/10
  3008 | D:4      | Noticed Natasha
  3023 | D:4      | Killed Natasha
  3050 | D:4      | Shot with a stone by a goblin

Skill      XL: |  1  2  3  4  5 |
---------------+----------------+-----
Fighting       | 1 2 |  2.0
Poison Magic   | 1 2 |  2.0
Conjurations   | 2 |  2.0
Air Magic      | 1 |  1.3
Stealth        | 3 |  3.1
Dodging        | |  2.5
Spellcasting   | |  3.8
Summonings     | |  1.0
Translocations | |  1.0

Action                   |  1- 3 |  4- 6 || total
-------------------------+-------+-------++-------
Melee: Unarmed           |    15 |       ||    15
       Constrict         |    18 |    18 ||    36
       Tentacles         |    10 |    11 ||    21
       Dagger            |    73 |    46 ||   119
       Spear             |       |    33 ||    33
 Cast: Magic Dart        |    18 |     1 ||    19
       Call Imp          |     2 |     8 ||    10
       Mephitic Cloud    |       |     1 ||     1
 Stab: Sleeping          |     8 |    10 ||    18
       Confused          |       |     1 ||     1
  Eat: Chunk             |     3 |     4 ||     7
Armor: Skin              |     9 |    12 ||    21
Dodge: Dodged            |    58 |    54 ||   112
